 Dungeon Crawl Stone Soup version 0.29-a0-352-g0917bc69df (webtiles) character file.

Game seed: 11569516154426400049

1104 sokol815 the Chopper (level 8, -3/54 HPs)
             Began as an Octopode Fire Elementalist on Apr 24, 2022.
             Was an Initiate of Gozag.
             Slain by an acid dragon (4 damage)
             ... on level 6 of the Dungeon.
             The game lasted 00:10:40 (5731 turns).

sokol815 the Chopper (Octopode Fire Elementalist)   Turns: 5731, Time: 00:10:40

Health: -3/54      AC:  1    Str:  7    XL:     8   Next: 32%
Magic:  8/11       EV: 12    Int: 20    God:    Gozag
Gold:   354        SH:  6    Dex: 12    Spells: 10/11 levels left

rFire   . . .      SeeInvis +   a - +6 hand axe (flame)
rCold   . . .      Faith    .   k - +1 buckler {reflect}
rNeg    . . .      Spirit   .   (helmet restricted)
rPois   +          Reflect  +   (no amulet)
rElec   .          Harm     .   P - ring of poison resistance {rPois, !d}
rCorr   .          Rampage  .   V - ring of see invisible {sInv, !d}
Will    .....                   (no ring)
Stlth   ++++......              (no ring)
HPRegen 0.18/turn               (no ring)
MPRegen 0.12/turn               (no ring)
                                (no ring)
                                (no ring)

@: gold aura
A: almost no armour, amphibious, 8 rings, camouflage 1, gelatinous body 1,
(nimble swimmer 1), tentacles
a: Renounce Religion, Potion Petition, Call Merchant, Bribe Branch


You were on level 6 of the Dungeon.
You worshipped Gozag.
Gozag was aware of your devotion.
You visited 2 branches of the dungeon, and saw 7 of its levels.

You collected 423 gold pieces.
You paid 69 gold pieces to Gozag.

Inventory:

Hand Weapons
 a - a +6 hand axe of flaming (weapon)
   (You found it on level 1 of the Dungeon)
 g - a +1 short sword of venom
   (You took it off a kobold on level 3 of the Dungeon)
 h - a +0 short sword
   (You found it on level 1 of the Dungeon)
 i - a +0 dagger
   (You found it on level 1 of the Dungeon)
Missiles
 j - 10 poisoned darts
 m - a throwing net {!d}
 q - 3 boomerangs
 s - 149 stones
Armour
 k - a +1 buckler of reflection (worn)
   (You acquired it on level 4 of the Dungeon)
Jewellery
 P - a ring of poison resistance (left tentacle) {rPois, !d}
   (You found it on level 3 of the Dungeon)
 V - a ring of see invisible (right tentacle) {sInv, !d}
   (You found it on level 3 of the Dungeon)
Wands
 d - a wand of digging (7)
   (You found it on level 2 of the Dungeon)
Scrolls
 D - a scroll of blinking {!r}
 K - a scroll of immolation {!r}
 X - a scroll of magic mapping {@r4!r}
 Y - a scroll of teleportation {@r3}
Potions
 b - a potion of attraction {!q}
 e - a potion of lignification {unknown}
 n - a potion of magic
 t - a potion of resistance {unknown}
 G - 2 potions of ambrosia {!q}
 H - 2 potions of haste
 J - a potion of curing {@q1}
 M - a potion of might
 N - a potion of heal wounds {@q2}


   Skills:
 - Level 4.0 Fighting
 - Level 1.1 Short Blades
 * Level 6.2 Axes
 - Level 2.0 Dodging
 + Level 5.6 Stealth
 - Level 4.0 Shields
 - Level 2.0 Spellcasting
 - Level 1.0 Conjurations
 - Level 3.0 Fire Magic


You had 10 spell levels left.
You knew the following spells:

 Your Spells              Type           Power      Damage    Failure   Level
a - Foxfire               Conj/Fire      40%        2x1d6     9%          1

Your spell library contained the following spells:

 Spells                   Type           Power      Damage    Failure   Level
 Scorch                   Fire           28%        2d6       9%          2
 Shock                    Conj/Air       16%        1d4       16%         1
 Animate Skeleton         Necr           4%         N/A       21%         1
 Apportation              Tloc           4%         N/A       21%         1
 Summon Small Mammal      Summ           8%         N/A       21%         1
 Static Discharge         Conj/Air       4%         N/A       24%         2
 Conjure Flame            Conj/Fire      10%        6-21      26%         3
 Inner Flame              Hex/Fire       8%         N/A       32%         3
 Flame Wave               Conj/Fire      10%        2d5       65%         4
 Sticky Flame             Conj/Fire      10%        2d3       65%         4
 Dispel Undead            Necr           2%         3d7       89%         4
 Lightning Bolt           Conj/Air       2%         1d13      99%         5
 Conjure Ball Lightning   Conj/Air       2%         3x3d6     100%        6
 Spellforged Servitor     Conj/Summ      2%         N/A       100%        7


Dungeon Overview and Level Annotations

Branches:
Dungeon (6/15)             Temple (1/1) D:5

Altars:
Cheibriados
Fedhas
Gozag
Hepliaklqana
Kikubaaqudgha
Qazlal
Trog
Vehumet
Yredelemnul
The Shining One

Shops:
D:4 (

Annotations:
D:2 Sigmund
D:3 exclusion: ball python, Jessica
D:6 Pikel


Innate Abilities, Weirdness & Mutations

You cannot wear most types of armour.
You are amphibious.
You can wear up to eight rings at the same time.
Your skin changes colour to match your surroundings (Stealth+).
Your rubbery body absorbs attacks. (AC +1, EV +1)
((You are camouflaged when in or above water. (Stealth+)))
You have tentacles for arms and can constrict up to eight enemies at once.


Message History

There is an open door here.
You open the door.
Pikel and a lemure come into view.
Pikel is wielding a +0 whip of electrocution.
There is an open door here.
You open the door.
There is an open door here.
You open the door.
There is an open door here.
An iguana comes into view.
The iguana hisses angrily.
You slash the iguana! You burn the iguana. Your grab misses the iguana.
Your squeeze misses the iguana. The iguana bites you!
You take 7 damage, and have 47/54 hp.
You hit the iguana but do no damage. Your grab misses the iguana.
You squeeze the iguana. The iguana bites you.
You slash the iguana! You burn the iguana.
You kill the iguana!
Your Stealth skill increases to level 5!
No target in view!
You now have 324 gold pieces (gained 4).
You open the door.
There is an open door here.
An ogre comes into view. It is wielding a +0 giant spiked club.
Health restored: 54 You conjure some foxfire!
You now have 10/11 mp.
You conjure some foxfire!
The foxfire hits the ogre.
The ogre shouts!
The foxfire hits the ogre.
You now have 9/11 mp.
You conjure some foxfire!
You now have 8/11 mp.
You conjure some foxfire!
The foxfire hits the ogre. x4
You kill the ogre!
Your Axes skill increases to level 6!
You now have 7/11 mp.
You now have 340 gold pieces (gained 16).
You see here a +0 giant spiked club.
MP restored: 11 A centaur comes into view.
The centaur wields a +0 shortbow.
The centaur shoots an arrow.
The arrow closely misses you.
The centaur shoots an arrow.
You reflect the arrow off your +1 buckler of reflection!
The arrow hits the centaur!
The centaur shoots an arrow.
You reflect the arrow off your +1 buckler of reflection!
The arrow hits the centaur!
You kill the centaur!
You now have 354 gold pieces (gained 14).
You see here a +0 shortbow.
You open the door.
An acid dragon comes into view.
There is an open door here.
The acid dragon roars!
The acid dragon spits acid at you. The splash of acid hits you!!
Ouch! That really hurt!
You take 29 damage, and have 25/54 hp.
MASSIVE DAMAGE!!
You closely miss the acid dragon.
You squeeze the acid dragon, but do no damage.
The acid dragon completely misses you. The acid dragon claws you.
You take 3 damage, and have 22/54 hp.
You hit the acid dragon but do no damage.
The acid dragon bites you!
* * * LOW HITPOINT WARNING * * *
You block the acid dragon's attack.
You take 9 damage, and have 13/54 hp.
You hit the acid dragon. You burn the acid dragon.
The acid dragon barely misses you. You block the acid dragon's attack.
You feel much better. The acid dragon spits acid at you.
The splash of acid misses you.
You regained 31 hp, and now have 45/54 hp.
You hit the acid dragon. You burn the acid dragon. The acid dragon bites you!
You block the acid dragon's attack. The acid dragon barely misses you.
The acid dragon claws you.
You take 11 damage, and have 34/54 hp.
MASSIVE DAMAGE!!
You hit the acid dragon but do no damage.
Your squeeze misses the acid dragon. The acid dragon bites you!
The acid dragon claws you.
You take 15 damage, and have 19/54 hp.
MASSIVE DAMAGE!!
You conjure some foxfire!
The acid dragon bites you.
* * * LOW HITPOINT WARNING * * *
The acid dragon misses you.
You take 6 damage, and have 13/54 hp.
You now have 10/11 mp.
You conjure some foxfire!
The foxfire hits the acid dragon. x2
The acid dragon spits acid at you. The splash of acid misses you.
You now have 9/11 mp.
You conjure some foxfire!
The foxfire hits the acid dragon but does no damage.
The foxfire hits the acid dragon.
The acid dragon bites you!
* * * LOW HITPOINT WARNING * * *
The acid dragon claws you.
You die...
Your body crumbles into a pile of gold.

..#...........#
..#...####..).#......##
..########....#.......#
..#...........#.......#
..#.).........#.......#
..#...........#.......#
..#...........#.§.....#
..#...........#§.v....#
..#...........'§@D..).#
..#...........#§v.....#
..#############.......#
### #########


You could see an acid dragon (catching breath, ally target).

Vanquished Creatures
  2 ogres
  2 centaurs
  A bullfrog (D:6)
  2 scorpions (D:5)
  3 hounds
  2 orc priests
  3 iguanas
  5 orc wizards
  3 adders
  7 gnolls
  A shadow imp (D:5)
  A white imp (D:5)
  An ufetubus (D:5)
  3 worms
  2 dart slugs
  22 orcs
  8 ball pythons
  7 bats
  5 endoplasms
  15 giant cockroaches
  4 goblins
  7 hobgoblins
  6 jackals
  A quokka (D:1)
  3 frilled lizards
  5 kobolds
  5 rats
126 creatures vanquished.

Vanquished Creatures (others)
  73 foxfires
73 creatures vanquished.

Grand Total: 199 creatures vanquished

Notes
Turn   | Place    | Note
-------+----------+-------------------------------------------
     0 | D:1      | sokol815 the Octopode Fire Elementalist began the quest for
                  | the Orb.
     0 | D:1      | Reached XP level 1. HP: 11/11 MP: 3/3
   114 | D:1      | Got the Handbook of Confrontation
   166 | D:1      | Reached skill level 3 in Stealth
   206 | D:1      | Reached skill level 1 in Fighting
   206 | D:1      | Reached XP level 2. HP: 18/18 MP: 0/5
   551 | D:1      | Reached skill level 1 in Short Blades
   566 | D:1      | Reached XP level 3. HP: 18/23 MP: 0/6
  1259 | D:2      | Reached skill level 1 in Axes
  1428 | D:2      | Reached XP level 4. HP: 29/29 MP: 7/7
  1479 | D:2      | Reached skill level 2 in Fighting
  1488 | D:2      | Reached skill level 2 in Axes
  1670 | D:2      | Reached XP level 5. HP: 20/35 MP: 8/8
  1840 | D:2      | Noticed Sigmund
  1947 | D:3      | Reached skill level 3 in Axes
  1950 | D:3      | HP: 7/35 [gnoll/+0 flail (11)]
  1952 | D:3      | HP: 3/35 [gnoll/+0 club (4)]
  2027 | D:3      | Found a snail-covered altar of Cheibriados.
  2034 | D:3      | Found a blossoming altar of Fedhas.
  2037 | D:3      | Found a bloodstained altar of Trog.
  2037 | D:3      | Found a radiant altar of Vehumet.
  2043 | D:3      | Found an ancient bone altar of Kikubaaqudgha.
  2233 | D:3      | Noticed Jessica
  2454 | D:3      | Found a faded altar of an unknown god.
  3081 | D:4      | Identified a scroll of acquirement
  3081 | D:4      | Acquired a +0 buckler of reflection
  3203 | D:4      | Reached skill level 3 in Fighting
  3203 | D:4      | Reached XP level 6. HP: 24/42 MP: 9/9
  3206 | D:4      | Reached skill level 1 in Shields
  3209 | D:4      | Reached skill level 4 in Axes
  3413 | D:4      | Found Asiloamn's Weapon Boutique.
  3791 | D:4      | Found a stormy altar of Qazlal.
  3864 | D:5      | Entered Level 5 of the Dungeon
  3869 | D:5      | HP: 9/42 [white imp/puff of frost (15)]
  4173 | D:5      | Reached skill level 2 in Shields
  4293 | D:5      | Reached XP level 7. HP: 38/46 MP: 10/10
  4349 | D:5      | Found a staircase to the Ecumenical Temple.
  4374 | Temple   | Entered the Ecumenical Temple
  4506 | Temple   | Became a worshipper of Gozag Ym Sagoz the Greedy
  4737 | D:5      | Found a basalt altar of Yredelemnul.
  4739 | D:5      | Noticed a profane servitor
  4744 | D:5      | Found a glowing golden altar of the Shining One.
  4746 | D:5      | Noticed an angel
  4768 | D:5      | Reached skill level 4 in Stealth
  4768 | D:5      | Reached skill level 3 in Shields
  4801 | D:5      | Reached skill level 5 in Axes
  5377 | D:6      | Reached XP level 8. HP: 43/54 MP: 11/11
  5379 | D:6      | Reached skill level 4 in Fighting
  5382 | D:6      | Reached skill level 4 in Shields
  5571 | D:6      | Noticed Pikel
  5610 | D:6      | Reached skill level 5 in Stealth
  5665 | D:6      | Reached skill level 6 in Axes
  5724 | D:6      | HP: 13/54 [acid dragon (9)]
  5729 | D:6      | HP: 13/54 [acid dragon (6)]
  5731 | D:6      | HP: 1/54 [acid dragon (13)]
  5731 | D:6      | Slain by an acid dragon

Illustrated notes

Levels and vault maps discovered:
D:1:      dpeg_arrival_castle, layout_rooms, patterned_corridor
D:2:      minmay_roachtagon, layout_basic, serial_shops, shop, uniq_sigmund
D:3:      layout_basic, nicolae_overflow_hallway_of_the_gods,
          shapermc_ecumenical_altar_mp_highgroup, uniq_jessica
D:4:      layout_basic, mainiacjoe_overflow_alcove_1, serial_shops, shop
D:5:      layout_rooms, grunt_temple_overflow_holy_war,
          minmay_temple_entry_junction_2
D:6:      layout_gridville, gammafunk_ghost_split, uniq_pikel
Temple:   minmay_temple_curvy_loop

Skill      XL: |  1  2  3  4  5  6  7  8 |
---------------+-------------------------+-----
Stealth        | 3 4 5 |  5.6
Fighting       | 1 2 3 4 |  4.0
Short Blades   | 1 |  1.1
Axes           | 1 2 3 4 5 6 |  6.2
Shields        | 2 3 4 |  4.0
Dodging        | |  2.0
Spellcasting   | |  2.0
Conjurations   | |  1.0
Fire Magic     | |  3.0

Action                   |  1- 3 |  4- 6 |  7- 9 || total
-------------------------+-------+-------+-------++-------
Melee: Dagger            |     7 |       |       ||     7
       Constrict         |    13 |    26 |     9 ||    48
       Tentacles         |     9 |    17 |    15 ||    41
       Hand axe          |    37 |   101 |    60 ||   198
       Punch             |       |     1 |       ||     1
Throw: Stone             |    54 |       |       ||    54
 Cast: Foxfire           |    28 |     5 |     7 ||    40
  Use: Scroll            |     6 |     6 |    10 ||    22
       Potion            |       |     1 |     1 ||     2
 Stab: Sleeping          |     1 |    14 |     3 ||    18
       Distracted        |       |       |     1 ||     1
Armor: Skin              |     4 |     3 |     4 ||    11
Dodge: Dodged            |    41 |    52 |    23 ||   116
Block: Buckler           |       |     4 |    19 ||    23
       Reflection        |       |       |     3 ||     3

Table legend: (Time is in decaauts)
 A = Elapsed time spent in this place.
 B = Non-inter-level travel time spent in this place.
 C = Inter-level travel time spent in this place.
 D = Time resting spent in this place.
 E = Time spent auto-exploring this place.
 F = Levels seen in this place.
 G = Mean time per level.
                   A        B        C        D        E       F      G
               +--------+--------+--------+--------+--------+-----+--------+
         Total |   5768 |   5488 |    280 |   1088 |   3484 |   7 |  824.0 |
       Dungeon |   5590 |   5355 |    235 |   1088 |   3362 |   6 |  931.7 |
        Temple |    177 |    132 |     45 |      0 |    122 |   1 |  177.0 |
               +--------+--------+--------+--------+--------+-----+--------+

Top non-repeatable levels by time:
     D:1: 1328 daAuts
     D:4: 1145 daAuts
     D:3: 1085 daAuts
     D:5: 997 daAuts
     D:2: 598 daAuts
     D:6: 435 daAuts
  Temple: 177 daAuts

Table legend:
 A = Kills in this place as a percentage of kills in entire the game.
 B = Kills by you in this place as a percentage of kills by you in the entire game.
 C = Kills by friends in this place as a percentage of kills by friends in the entire game.
 D = Other kills in this place as a percentage of other kills in the entire game.
 E = Experience gained in this place as a percentage of experience gained in the entire game.
 F = Experience gained in this place divided by the number of levels of this place that you have seen.
                   A       B       C       D       E      F
               +-------+-------+-------+-------+-------+----------------------
         Total | 100.0 | 100.0 |   N/A |   N/A | 100.0 | 225.4
       Dungeon | 100.0 | 100.0 |   N/A |   N/A | 100.0 | 263.0
               +-------+-------+-------+-------+-------+----------------------
